[Event "Gaprindashvili Cup Women I Stage 2020"]
[Site "Online"]
[Date "2020.11.04"]
[Round "1.1"]
[White "Esadze, Tamari"]
[Black "Mgeladze, Kesaria"]
[Result "1-0"]
[ECO "B66"]
[WhiteElo "1889"]
[BlackElo "1380"]
[Annotator "NA RC"]
[PlyCount "43"]
[EventDate "2020.11.04"]
[EventType "swiss"]
[SourceTitle "playchess.com"]
[Source "ChessBase"]
[SourceQuality "1"]
[TimeControl "1500+5"]

1. e4 c5 2. Nf3 d6 3. d4 cxd4 4. Nxd4 Nf6 5. Nc3 Nc6 6. Bg5 e6 7. Qd2 a6 8. O-O-O h6 9. Be3 Bd7 10. f3 Be7 11. g4 b5 12. Kb1 {[%emt 0:00:33] B66: Sicilian: Richter-Rauzer: 7...a6 8 0-0-0 h6.} b4 13. Nce2 {[%emt 0:00:05] [#]} Rb8 $146 ({Predecessor:} 13... Ne5 14. Ng3 a5 15. h4 a4 16. g5 hxg5 17. hxg5 Nh7 18. f4 Ng4 19. Bh3 Nxe3 20. Qxe3 {1-0 (48) Moll,A (2217)-Zakirova,A (1585) chess.com INT 2020}) 14. h4 a5 15. Nxc6 Bxc6 16. Nd4 Bd7 17. Bg2 a4 18. g5 Ng8 (18... Nh5 $16) 19. f4 Qa5 (19... b3 $142 20. cxb3 (20. axb3 axb3 21. Nxb3 Qc7 $18) 20... axb3 21. Nxb3 Rc8) 20. g6 (20. e5 $142) 20... Bf6 $2 {[%emt 0:03:48] [#]} (20... Nf6 {is tougher.} 21. e5 Nd5) 21. e5 $1 dxe5 $18 {[%emt 0:01:23] [#]} (21... Qc7 $142 22. Nf3 fxg6 23. exf6 gxf6 24. Qxd6 Qxd6 25. Rxd6 Ne7) 22. Nc6 $1 1-0

[Event "Gaprindashvili Cup Women I Stage 2020"]
[Site "Online"]
[Date "2020.11.04"]
[Round "1.2"]
[White "Gvatua, Mariam"]
[Black "Khazhomia, Anuki"]
[Result "0-1"]
[ECO "A88"]
[WhiteElo "1343"]
[BlackElo "1880"]
[Annotator "NA RC"]
[PlyCount "78"]
[EventDate "2020.11.04"]
[EventType "swiss"]
[SourceTitle "playchess.com"]
[Source "ChessBase"]
[SourceQuality "1"]
[TimeControl "1500+5"]

1. d4 f5 2. c4 Nf6 3. Nc3 g6 4. Nf3 Bg7 5. g3 O-O 6. Bg2 d6 7. Bg5 c6 8. O-O Qc7 {[%emt 0:00:20] A88: Dutch Defence: Leningrad System: 5 Nf3 0-0 6 0-0 d6 7 Nc3 c6.} 9. Rc1 e5 10. Bxf6 Bxf6 11. d5 {[%emt 0:00:03] [#]} c5 $146 ({Predecessor:} 11... Bd7 12. Qd2 c5 13. e4 Na6 14. a3 Qd8 15. h3 Nc7 16. b4 b6 17. b5 Bg7 {0-1 (41) Nikolic,M-Ugrcic,Z (2054) Belgrade 2013}) 12. Nb5 Qe7 13. e3 $2 (13. e4 $1 $11 {and White has nothing to worry.}) 13... e4 14. Nd2 Bxb2 15. Rb1 Bf6 16. Qa4 Bd7 (16... Nd7 $19 17. Qa3 Ne5) 17. Qa5 b6 18. Qa3 Bxb5 19. cxb5 Nd7 20. Nc4 Ne5 21. Nxe5 Qxe5 22. Rfd1 Rfc8 23. Rbc1 c4 24. Rc2 Qe7 25. Qb4 c3 26. g4 (26. a4 $142) 26... Be5 27. gxf5 gxf5 28. Kh1 Qh4 $2 (28... Kh8 $19 29. Rf1 Qg5) 29. h3 $2 (29. f4 $11 {and White is okay.} Bg7 30. Qxd6) 29... Rc5 30. Rg1 Kh8 31. Qb3 $2 (31. f4 Bf6 32. Qa4) 31... f4 32. Qb4 f3 33. Bf1 Rxd5 (33... Rg8 $142 34. Rxg8+ Kxg8) 34. Rg4 {[%emt 0:00:44] [#]} Rd1 $1 35. Rg3 Rxf1+ 36. Kh2 {[%emt 0:00:05] [#]} Rxf2+ $1 37. Rxf2 Qxg3+ {[%emt 0:00:07] Double Attack} 38. Kh1 Qxf2 {[%emt 0:00:05] Double Attack} 39. Qxe4 Qh2# 0-1

[Event "Gaprindashvili Cup Women I Stage 2020"]
[Site "Online"]
[Date "2020.11.04"]
[Round "1.4"]
[White "Didbaridze, Meri"]
[Black "Tsotsonava, Elene"]
[Result "0-1"]
[ECO "A03"]
[WhiteElo "1264"]
[BlackElo "1805"]
[Annotator "NA RC"]
[PlyCount "50"]
[EventDate "2020.11.04"]
[EventType "swiss"]
[SourceTitle "playchess.com"]
[Source "ChessBase"]
[SourceQuality "1"]
[TimeControl "1500+5"]

1. f4 Nf6 2. Nf3 d5 3. e3 c5 4. b3 Nc6 5. Bb2 e6 6. Bd3 {[%emt 0:00:06] A03: Bird's Opening with 1...d5.} Bd6 7. O-O O-O 8. a3 a6 {[%emt 0:00:24] [#]} 9. h3 $146 ({Predecessor:} 9. Qe1 Ne4 10. Be2 Be7 11. d3 Bf6 12. Ne5 Nd6 13. Nd2 Qc7 14. Ndf3 b5 15. Rb1 {0-1 (36) Schoenegg,W (2024)-Mueller,W (2134) Eppingen 2004}) 9... b5 10. Ne5 Bb7 11. Rf3 (11. Be2 $142) 11... d4 12. Nxc6 Bxc6 13. Rg3 $2 (13. exd4 $17 Nh5 14. dxc5 Bxc5+ 15. Kh2) 13... e5 14. fxe5 Bxe5 15. Rg5 Qd6 16. Qe1 h6 17. Rf5 (17. Rxe5 $142 Qxe5 18. Qf1) 17... Rfe8 18. Kh1 Rab8 19. Rf1 dxe3 20. Bxe5 Qxe5 21. Ra2 {[%emt 0:00:21] [#]} c4 $1 22. bxc4 bxc4 23. Bf5 Rxb1 {[%emt 0:00:52] Promotion} 24. Qxb1 e2 25. Re1 Qg3 0-1

[Event "Gaprindashvili Cup Women I Stage 2020"]
[Site "Online"]
[Date "2020.11.04"]
[Round "1.5"]
[White "Bedoshvili, Dea"]
[Black "Limar, Maria"]
[Result "1-0"]
[ECO "D02"]
[WhiteElo "1667"]
[BlackElo "1229"]
[Annotator "NA RC"]
[PlyCount "99"]
[EventDate "2020.11.04"]
[EventType "swiss"]
[SourceTitle "playchess.com"]
[Source "ChessBase"]
[SourceQuality "1"]
[TimeControl "1500+5"]

1. d4 d5 2. Nf3 Nf6 3. Nbd2 e6 4. g3 Be7 5. Bg2 O-O 6. O-O c5 7. b3 Nc6 8. Bb2 b6 9. Rc1 Bb7 10. c4 Qd7 11. dxc5 bxc5 12. cxd5 exd5 13. Qc2 Qe6 14. Rfe1 Nb4 15. Qb1 Qd7 16. a3 Nc6 17. Ng5 h6 18. Bxf6 hxg5 19. Bb2 Rac8 20. Qa1 f6 21. Nf3 Bd6 22. Red1 Ne5 23. Nxe5 Bxe5 24. Bxe5 fxe5 25. Qxe5 Qd8 26. Bxd5+ Bxd5 27. Qxd5+ Kh8 28. Qg2 Qf6 29. Rd3 Rfd8 30. Rf3 Qb2 31. Qh3+ Kg8 32. Qe6+ Kh8 33. Rf1 Qxa3 34. Rf7 Rf8 35. Rb7 Rb8 36. Rxb8 Rxb8 37. Rd1 Qxb3 38. Qh3+ Kg8 39. Rd7 Qb1+ 40. Qf1 Qe4 41. Rd1 c4 42. Rc1 Qd5 43. Qe1 Rc8 44. e4 Qe5 45. Qe3 a5 46. f4 gxf4 47. gxf4 Qb5 48. e5 a4 49. e6 Re8 50. Qe4 1-0

[Event "Gaprindashvili Cup Women I Stage 2020"]
[Site "Online"]
[Date "2020.11.04"]
[Round "1.6"]
[White "Kalandadze, Mariam"]
[Black "Lagazauri, Tamar"]
[Result "0-1"]
[ECO "D63"]
[WhiteElo "1147"]
[BlackElo "1657"]
[Annotator "NA RC"]
[PlyCount "88"]
[EventDate "2020.11.04"]
[EventType "swiss"]
[SourceTitle "playchess.com"]
[Source "ChessBase"]
[SourceQuality "1"]
[TimeControl "1500+5"]

1. d4 d5 2. c4 e6 3. Nf3 Nf6 4. Nc3 b6 5. Bg5 Be7 6. cxd5 exd5 7. e3 Bb7 8. Be2 O-O 9. O-O Nbd7 10. Rc1 a6 11. Nd2 Re8 12. Bf3 Rc8 13. Qb3 Ne4 14. Ndxe4 dxe4 15. Bxe7 Rxe7 16. Be2 Nf6 17. Rfd1 Nd5 18. Bxa6 Nxc3 19. Bxb7 Ne2+ 20. Kh1 Nxc1 21. Rxc1 Rb8 22. Bd5 Qd7 23. Bc6 Qf5 24. Kg1 Rd8 25. Qc4 h5 26. d5 h4 27. Qb5 h3 28. g3 Qf3 29. Qf1 Qg4 30. Rd1 Rd6 31. Rd2 Re5 32. Rd4 Rh5 33. Rd2 Qf3 34. Rd1 Kh7 35. Rd2 Rdh6 36. Bb5 Qg2+ 37. Qxg2 hxg2 38. h4 Rd6 39. Bc4 g5 40. Be2 g4 41. Bxg4 Rhxd5 42. Rxd5 Rxd5 43. Kxg2 f5 44. Bh5 Rd2 0-1

[Event "Gaprindashvili Cup Women I Stage 2020"]
[Site "Online"]
[Date "2020.11.04"]
[Round "1.7"]
[White "Maghlakelidze, Rusudan"]
[Black "Zarkua, Anastasia"]
[Result "1-0"]
[ECO "A36"]
[WhiteElo "1613"]
[BlackElo "1124"]
[Annotator "NA RC"]
[PlyCount "85"]
[EventDate "2020.11.04"]
[EventType "swiss"]
[SourceTitle "playchess.com"]
[Source "ChessBase"]
[SourceQuality "1"]
[TimeControl "1500+5"]

1. c4 c5 2. Nc3 Nc6 3. g3 Nf6 4. Bg2 g6 5. d3 Bg7 6. e4 d6 7. Nge2 O-O 8. O-O a6 9. Rb1 Rb8 10. f4 Bg4 11. h3 Bd7 12. a4 Ne8 13. Be3 Nc7 14. d4 cxd4 15. Nxd4 Ne6 16. Nxe6 Bxe6 17. Nd5 Bxd5 18. exd5 Nb4 19. Qd2 a5 20. f5 Rc8 21. b3 Na6 22. Be4 Nc5 23. Bc2 Qd7 24. Kh2 Qc7 25. h4 Rfd8 26. fxg6 hxg6 27. h5 gxh5 28. Qe2 Nd7 29. Qxh5 Ne5 30. Rf5 e6 31. Rg5 f6 32. Qh7+ Kf8 33. Rf1 Qe7 34. Kg2 exd5 35. Rxg7 Qxg7 36. Bh6 Rd7 37. Rxf6+ Rf7 38. Rxf7+ Nxf7 39. Qxg7+ Ke7 40. Bg6 Rf8 41. Qxf8+ Kf6 42. Qxf7+ Ke5 43. Bg7# 1-0

[Event "Gaprindashvili Cup Women I Stage 2020"]
[Site "Online"]
[Date "2020.11.04"]
[Round "1.8"]
[White "Ashotia, Barbare"]
[Black "Antia, Sopia"]
[Result "0-1"]
[ECO "B22"]
[WhiteElo "1076"]
[BlackElo "1594"]
[Annotator "NA RC"]
[PlyCount "154"]
[EventDate "2020.11.04"]
[EventType "swiss"]
[SourceTitle "playchess.com"]
[Source "ChessBase"]
[SourceQuality "1"]
[TimeControl "1500+5"]

1. e4 c5 2. c3 Nf6 3. e5 Nd5 4. d4 cxd4 5. Nf3 e6 6. cxd4 Nc6 7. Bc4 Nb6 8. Bb3 d6 9. Kf1 Be7 10. Kg1 O-O 11. h3 Qc7 12. Bf4 Rd8 13. Qe2 a5 14. Kh2 Nd5 15. Bxd5 exd5 16. Nc3 dxe5 17. Nxe5 Nxd4 18. Qd2 Ne6 19. Bg3 Qc5 20. Rac1 d4 21. Na4 Qb5 22. b3 Bb4 23. Qb2 Bd6 24. Rhe1 Bd7 25. Nxd7 Bxg3+ 26. fxg3 Rxd7 27. Rc4 h6 28. Rec1 Rad8 29. Nc5 Nxc5 30. Rxc5 Qa6 31. Rd1 b6 32. Rc4 d3 33. Qd2 b5 34. Rc3 b4 35. Rc4 Re7 36. Qf4 Qe6 37. Rd4 Rxd4 38. Qxd4 Rd7 39. Qc5 Rd5 40. Qc4 Qd7 41. Rd2 Rd4 42. Qc5 Rd5 43. Qc4 Qd8 44. Qa6 Kh7 45. Qc4 Rd4 46. Qb5 Qd5 47. Qxd5 Rxd5 48. Kg1 Kg6 49. Kf2 Kf5 50. Ke3 Ke5 51. Rxd3 Rc5 52. g4 Rc2 53. Rd2 Rc3+ 54. Rd3 Rc2 55. Rd2 Rxd2 56. Kxd2 Kd4 57. g3 g6 58. h4 f6 59. Ke2 Kc3 60. Ke3 Kb2 61. Kd2 Kxa2 62. Kc2 Ka3 63. g5 hxg5 64. hxg5 f5 65. Kd3 Kxb3 66. Kd4 Kc2 67. Ke5 b3 68. Kf6 b2 69. Kxg6 b1=Q 70. Kh6 Qh1+ 71. Kg7 Qg2 72. g6 Qxg3 73. Kf6 a4 74. g7 a3 75. Kf7 a2 76. g8=Q Qxg8+ 77. Kxg8 a1=Q 0-1

[Event "Gaprindashvili Cup Women I Stage 2020"]
[Site "Online"]
[Date "2020.11.04"]
[Round "1.9"]
[White "Sichinava, Mariam"]
[Black "Abuladze, Natali"]
[Result "0-1"]
[ECO "E65"]
[WhiteElo "1516"]
[BlackElo "1049"]
[Annotator "NA RC"]
[PlyCount "146"]
[EventDate "2020.11.04"]
[EventType "swiss"]
[SourceTitle "playchess.com"]
[Source "ChessBase"]
[SourceQuality "1"]
[TimeControl "1500+5"]

1. Nf3 Nf6 2. g3 g6 3. Bg2 Bg7 4. c4 O-O 5. O-O d6 6. d4 Nbd7 7. Nc3 c5 8. d5 a6 9. e4 Rb8 10. a4 Nb6 11. Qe2 Bg4 12. h3 Bxf3 13. Bxf3 Qd7 14. Bg2 Rbd8 15. Be3 Qc7 16. Rfd1 e6 17. a5 Nbd7 18. dxe6 fxe6 19. Bf4 Ne5 20. Be3 Nc6 21. Bd2 Nd4 22. Qf1 Nb3 23. Ra3 Nxa5 24. Nd5 exd5 25. Bxa5 b6 26. Bd2 dxe4 27. Rxa6 Qb7 28. Ra3 d5 29. cxd5 Qxd5 30. Raa1 Qe6 31. Bc3 e3 32. Re1 Nd5 33. Bxd5 exf2+ 34. Qxf2 Qxd5 35. Qc2 Qd3 36. Qxd3 Rxd3 37. Bxg7 Kxg7 38. Re7+ Kh6 39. Raa7 Rxg3+ 40. Kh2 Rb3 41. Rxh7+ Kg5 42. h4+ Kg4 43. Ra4+ Rf4 44. Rxf4+ Kxf4 45. Rf7+ Kg4 46. Rf2 Rh3+ 47. Kg1 Rxh4 48. Kg2 Kg5 49. Rf3 Rb4 50. b3 Kg4 51. Rg3+ Kf5 52. Rf3+ Ke4 53. Rg3 Kf5 54. Rf3+ Rf4 55. Rd3 Rg4+ 56. Kf3 Rd4 57. Re3 g5 58. Kg3 g4 59. Rc3 Rf4 60. Rd3 Ke4 61. Rd6 Rf3+ 62. Kxg4 Rxb3 63. Re6+ Kd5 64. Re8 b5 65. Rd8+ Kc4 66. Kf4 Rd3 67. Rb8 b4 68. Ke4 b3 69. Rb6 Kc3 70. Rb5 c4 71. Rb7 b2 72. Rb5 Rd1 73. Rh5 b1=Q+ 0-1

[Event "Gaprindashvili Cup Women I Stage 2020"]
[Site "Online"]
[Date "2020.11.04"]
[Round "1.10"]
[White "Asatiani, Tamar"]
[Black "Tsetskhladze, Mariam"]
[Result "1-0"]
[ECO "C41"]
[WhiteElo "1004"]
[BlackElo "1477"]
[Annotator "NA RC"]
[PlyCount "155"]
[EventDate "2020.11.04"]
[EventType "swiss"]
[SourceTitle "playchess.com"]
[Source "ChessBase"]
[SourceQuality "1"]
[TimeControl "1500+5"]

1. e4 e5 2. Nf3 d6 3. d4 exd4 4. Nxd4 Nf6 5. Nc3 Be7 6. Bc4 a6 7. O-O O-O 8. Re1 c6 9. Nf5 Bxf5 10. exf5 d5 11. Bd3 c5 12. b3 Nc6 13. Bb2 Qd7 14. Qf3 b5 15. Rad1 Nd4 16. Qg3 Bd6 17. Qh3 c4 18. bxc4 bxc4 19. Be2 Nxc2 20. Rf1 d4 21. Nb1 d3 22. Bf3 Rab8 23. Bxf6 gxf6 24. Qg4+ Kh8 25. Qxc4 Rfd8 26. Qxa6 Qxf5 27. Qc4 Rbc8 28. Qxf7 Qf4 29. Qh5 Rc5 30. Qh3 Rg5 31. Nd2 Rdg8 32. Ne4 R5g7 33. Rxd3 Bb8 34. Ng3 Nd4 35. Bd5 Rd8 36. Nh5 Qxh2+ 37. Qxh2 Ne2+ 38. Kh1 Bxh2 39. Kxh2 Rgd7 40. Nxf6 Rd6 41. Re3 Rxf6 42. Rxe2 Rxd5 43. Re8+ Kg7 44. Re7+ Kg6 45. a4 Ra5 46. Re4 Rfa6 47. Ra1 Kf5 48. Rh4 h6 49. Rh5+ Kg6 50. Rxa5 Rxa5 51. g3 Kf5 52. f4 Kg4 53. Kg2 h5 54. Ra3 Rc5 55. a5 Rc8 56. a6 Ra8 57. a7 Kf5 58. Kh3 Kg6 59. Kh4 Kf5 60. Ra5+ Kf6 61. Kxh5 Rh8+ 62. Kg4 Rg8+ 63. Kf3 Ra8 64. g4 Kg6 65. f5+ Kf6 66. Kf4 Kf7 67. g5 Kg7 68. g6 Kf6 69. Ra6+ Kg7 70. Kg5 Kg8 71. f6 Kf8 72. Kh6 Kg8 73. f7+ Kf8 74. Kh7 Ke7 75. g7 Kxf7 76. g8=Q+ Rxg8 77. a8=Q Rd8 78. Qf3+ 1-0

[Event "Gaprindashvili Cup Women I Stage 2020"]
[Site "Online"]
[Date "2020.11.04"]
[Round "2.1"]
[White "Antia, Sopia"]
[Black "Esadze, Tamari"]
[Result "0-1"]
[ECO "B52"]
[WhiteElo "1594"]
[BlackElo "1889"]
[Annotator "NA RC"]
[PlyCount "76"]
[EventDate "2020.11.04"]
[EventType "swiss"]
[SourceTitle "playchess.com"]
[Source "ChessBase"]
[SourceQuality "1"]
[TimeControl "1500+5"]

1. e4 c5 2. Nf3 d6 3. Bb5+ Bd7 4. Bxd7+ Qxd7 5. c4 Nc6 6. d4 cxd4 7. Nxd4 Nf6 8. Nc3 g6 9. f3 Bg7 10. Be3 O-O 11. Rc1 {[%emt 0:00:02] B52: Sicilian: Moscow Variation with 3...Bd7.} e6 12. Ndb5 Rfd8 13. O-O a6 {[%emt 0:00:29] [#]} 14. Nd4 $146 ({Predecessor:} 14. Na3 Ne7 15. Qc2 d5 16. Rfd1 Qe8 17. e5 Nd7 18. cxd5 exd5 19. f4 Nf8 20. Qb3 d4 21. Bxd4 Ne6 22. Be3 Nf5 23. Nd5 Rac8 24. Nc4 Bf8 25. Nf6+ {1-0 (25) Kuna,P (1662)-Nemegeer,A (1803) Bratislava 2019}) 14... Nxd4 15. Bxd4 b5 16. cxb5 axb5 17. b3 Nh5 18. Bxg7 Kxg7 19. Qd4+ e5 20. Qd2 Nf4 21. Rfd1 b4 22. Na4 d5 23. Kh1 Qb7 24. Qb2 d4 25. g3 Ne6 26. Nc5 Nxc5 27. Rxc5 Qe7 28. Qc2 $2 {[%emt 0:00:28] [#]} (28. Rc4 $17 {is a better chance.}) 28... d3 $1 29. Qc4 Rxa2 30. Rc7 Qf6 31. Rxd3 Rd4 32. Qb5 {[%emt 0:02:07] [#]} Rxe4 $1 33. Rc1 Ree2 34. Qd5 Rxh2+ (34... Qb6 $142 35. Rd2 Raxd2 36. Qxd2 Rxd2 37. Rf1 Qe3 38. h4 Qe2 39. Rf2 Qxf2 40. g4 Qh2#) 35. Kg1 Rag2+ 36. Kf1 Rf2+ 37. Ke1 Re2+ 38. Kd1 e4 0-1

[Event "Gaprindashvili Cup Women I Stage 2020"]
[Site "Online"]
[Date "2020.11.04"]
[Round "2.2"]
[White "Khazhomia, Anuki"]
[Black "Maghlakelidze, Rusudan"]
[Result "1-0"]
[ECO "E94"]
[WhiteElo "1880"]
[BlackElo "1613"]
[Annotator "NA RC"]
[PlyCount "145"]
[EventDate "2020.11.04"]
[EventType "swiss"]
[SourceTitle "playchess.com"]
[Source "ChessBase"]
[SourceQuality "1"]
[TimeControl "1500+5"]

1. d4 Nf6 2. c4 g6 3. Nc3 Bg7 4. e4 O-O 5. Nf3 d6 6. Be2 Nbd7 7. O-O e5 8. d5 Nc5 9. Qc2 a5 10. b3 Ne8 11. a3 {[%emt 0:00:47] E94: King's Indian: Classical: 6 Be2 e5 7 0-0: Various Black 7th moves.} f5 12. Bg5 {[%emt 0:00:12] [#]} Bf6 $146 ({Predecessor:} 12... Nf6 13. Nd2 h6 14. Bxf6 Qxf6 15. b4 Nd7 16. Nb5 Qd8 17. Bd3 f4 18. f3 Rf7 {1-0 (41) Ivekovic,A (2070)-Jacimovic,S (1975) Mali Losinj 2017}) 13. Bd2 fxe4 14. Nxe4 Nxe4 15. Qxe4 Bf5 16. Qe3 c6 17. Ng5 Nc7 18. g4 Bxg5 19. Qxg5 Bc8 20. Qxd8 Rxd8 21. Bg5 Re8 22. Rfd1 c5 (22... cxd5 $11 {remains equal.} 23. cxd5 Bd7) 23. Re1 Bd7 24. a4 Na6 {[%emt 0:00:11] [#]} 25. Kg2 (25. Bh6 $1 $16) 25... Nb4 26. Rac1 b6 ({Black should play} 26... Kg7) 27. Rc3 Kg7 28. Bd1 h6 29. Bh4 (29. Bd2 $16) 29... g5 30. Bg3 Rf8 31. Ree3 Be8 32. h4 Bg6 33. Bf3 Na2 34. Rcd3 Bxd3 35. Rxd3 Nb4 36. Re3 Nc2 37. Re4 Nd4 38. Bd1 gxh4 39. Bxh4 Rf4 40. Re3 {[%emt 0:00:04] [#]} Raf8 (40... Nf5 $142 $1 41. gxf5 Rxh4) 41. Bg3 R4f7 42. Kh3 Nf3 43. Kg2 Ng5 44. Be2 Rf6 45. Bh4 Rf4 46. Bg3 Re4 47. Rxe4 Nxe4 48. Bh4 Nd2 $2 (48... Rf4 $19 {is more deadly.} 49. f3 Nc3) 49. Bd1 $2 (49. Be7 $15) 49... Nb1 50. f3 Nc3 51. Bc2 e4 52. fxe4 Rf4 53. Be1 $2 (53. Bg3 $1 $11 {and White is okay.} Rxg4 54. Kf3 Rxg3+ 55. Kxg3) 53... Nxe4 54. Bxe4 Rxe4 $19 55. Bc3+ Kg6 56. Kf3 Re8 57. Bd2 Rf8+ 58. Kg3 $2 (58. Bf4) 58... Rf1 59. Bf4 Rb1 60. Bxd6 Rxb3+ 61. Kf4 Rb4 62. Ke5 Rxc4 63. Bc7 Rb4 64. d6 Rb1 65. d7 Rd1 66. d8=Q Rxd8 67. Bxd8 c4 68. Kd4 c3 69. Kxc3 Kf7 70. Bxb6 Ke6 71. Kd3 Kd5 72. Bxa5 Kc5 73. Bd2 1-0

[Event "Gaprindashvili Cup Women I Stage 2020"]
[Site "Online"]
[Date "2020.11.04"]
[Round "2.3"]
[White "Kirtadze, Anastasia"]
[Black "Dolakidze, Mariam"]
[Result "1/2-1/2"]
[ECO "A39"]
[WhiteElo "1810"]
[BlackElo "1416"]
[Annotator "NA RC"]
[PlyCount "160"]
[EventDate "2020.11.04"]
[EventType "swiss"]
[SourceTitle "playchess.com"]
[Source "ChessBase"]
[SourceQuality "1"]
[TimeControl "1500+5"]

1. Nf3 c5 2. c4 Nc6 3. Nc3 Nf6 4. g3 g6 5. Bg2 Bg7 6. d4 cxd4 7. Nxd4 O-O 8. O-O a6 9. e4 Nxe4 {[%emt 0:01:35] A39: Symmetrical English vs ...g6: 4 Bg2 Bg7 5 Nf3 Nf6 6 0-0 0-0 7 d4.} 10. Nxc6 Nxc3 11. Nxd8 Nxd1 12. Nxb7 Bxb7 {[%emt 0:00:44] [#]} 13. Rxd1 $146 ({Predecessor:} 13. Bxb7 Rab8 14. Rxd1 Rxb7 15. Rb1 Rc8 16. b3 Rxc4 17. Ba3 Rc2 18. Bxe7 Rxa2 19. Rdc1 {½-½ (28) Rothkugel,W (2001)-Spradley,J (1611) Duesseldorf 2009}) 13... Bxg2 14. Kxg2 d6 15. Rb1 Rfc8 16. b3 Rab8 17. Be3 Rb7 18. Rbc1 Rbc7 19. Rd5 Bf6 20. h4 h5 21. Ra5 Rc6 22. Rd1 e6 23. Bg5 Bxg5 24. Rxg5 Kf8 25. f3 Ke7 26. Ra5 Rh8 27. Re1 Kd7 28. Re4 Kc7 29. Rf4 Rh7 30. Rd4 Rh8 31. Kh3 Kb6 32. Ra4 Rd8 33. Rf4 Rd7 34. Rb4+ Ka7 35. Ra4 Kb6 36. Rd4 Rdc7 37. Kg2 Kc5 38. Rd3 Kb6 39. Kf2 Rd7 40. Ke3 Rc5 41. Rd4 Re5+ 42. Kf2 Ra5 43. Rxa5 Kxa5 44. a3 Kb6 45. b4 Kc6 46. Ke3 Rb7 47. Rd3 f5 $16 {[%emt 0:00:29] [#]} (47... a5 $11) 48. Kf4 $1 Rd7 49. Kg5 Rd8 50. Kf6 e5 51. Kxg6 Rg8+ 52. Kxf5 Rxg3 53. a4 Rh3 54. Kg5 e4 55. Rd4 exf3 56. Rf4 Rg3+ 57. Kxh5 Kd7 58. b5 axb5 59. axb5 Ke6 60. b6 Kd7 61. b7 Kc7 62. Rf7+ Kb8 63. Kh6 f2 64. Rxf2 Kxb7 65. Rf4 Kc6 66. h5 Kc5 67. Rf6 d5 68. cxd5 Kxd5 69. Rg6 Rh3 70. Kg5 Ke5 71. h6 Rg3+ 72. Kh5 Rh3+ 73. Kg4 Rh1 74. Kg5 Rg1+ 75. Kh5 Rh1+ 76. Kg5 Rg1+ 77. Kh5 Rh1+ 78. Kg4 Rg1+ 79. Kh5 Rh1+ 80. Kg5 Rg1+ 1/2-1/2

[Event "Gaprindashvili Cup Women I Stage 2020"]
[Site "Online"]
[Date "2020.11.04"]
[Round "2.4"]
[White "Tsotsonava, Elene"]
[Black "Asatiani, Tamar"]
[Result "1-0"]
[ECO "C86"]
[WhiteElo "1805"]
[BlackElo "1004"]
[Annotator "NA RC"]
[PlyCount "119"]
[EventDate "2020.11.04"]
[EventType "swiss"]
[SourceTitle "playchess.com"]
[Source "ChessBase"]
[SourceQuality "1"]
[TimeControl "1500+5"]

1. e4 e5 2. Nf3 Nc6 3. Bb5 a6 4. Ba4 Nf6 5. Qe2 d6 (5... b5 $5 6. Bb3 $8 Be7 $11) 6. h3 Be7 (6... b5 $5 7. Bb3 $8 Be7 $11) 7. c3 Bd7 8. O-O O-O 9. Bb3 {[%emt 0:00:12] C86: Closed Ruy Lopez: Worrall Attack.} Na5 10. Bc2 {[%emt 0:00:08] [#]} Bb5 $146 ({Predecessor:} 10... c5 11. d4 Qc7 12. Bg5 exd4 13. cxd4 Bb5 14. Bd3 c4 15. Qc2 Qd8 16. Be2 Nxe4 17. Bxe7 Qxe7 {1-0 (48) Pejko,O (2231)-Gerbery,R (2199) Slovakia 2006}) 11. d3 c5 12. b4 cxb4 13. cxb4 Nc6 14. a4 Bxd3 15. Bxd3 Nxb4 16. Ba3 Nxd3 17. Qxd3 Rc8 18. Nbd2 Qd7 19. Qb3 Rfe8 20. Rfd1 Qc6 $2 (20... b5 21. axb5 axb5) 21. Rac1 Qd7 22. Nc4 Nxe4 23. Nb6 {[%emt 0:00:07] Double Attack} Qf5 24. Nxc8 Rxc8 25. Rxc8+ Qxc8 26. Rc1 Qd7 27. Qc2 Nc5 {[%emt 0:00:40] [#]} 28. Nxe5 $1 Qe6 29. Nd3 b6 30. Re1 Qf6 31. Nxc5 bxc5 32. Bb2 Qg5 33. Qc3 h6 34. Rxe7 Kf8 35. Qe3 Qxe7 {[%emt 0:00:06] [#]} 36. Bxg7+ $18 {[%emt 0:00:10] Double Attack} Ke8 37. Qxe7+ Kxe7 38. Kf1 h5 39. Ke2 Ke6 40. Kd3 d5 41. Bf8 c4+ 42. Kd4 f5 43. Bb4 f4 44. f3 Kd7 45. Kxd5 Kc7 46. Bd6+ Kd7 47. Bxf4 c3 48. g4 hxg4 49. fxg4 Ke7 50. h4 Kf6 51. Be5+ Kg6 52. Bxc3 Kh6 53. g5+ Kg6 54. Ke6 Kh7 55. Kf7 a5 56. g6+ Kh6 57. g7 Kh5 58. g8=Q Kxh4 59. Be1+ Kh3 60. Qg3# 1-0

[Event "Gaprindashvili Cup Women I Stage 2020"]
[Site "Online"]
[Date "2020.11.04"]
[Round "2.5"]
[White "Abuladze, Natali"]
[Black "Bedoshvili, Dea"]
[Result "0-1"]
[ECO "D30"]
[WhiteElo "1049"]
[BlackElo "1667"]
[Annotator "NA"]
[PlyCount "56"]
[EventDate "2020.11.04"]
[EventType "swiss"]
[SourceTitle "playchess.com"]
[Source "ChessBase"]
[SourceQuality "1"]
[TimeControl "1500+5"]

1. d4 d5 2. c4 c6 3. Nf3 e6 4. e3 Bd6 5. Nc3 Nd7 6. h3 f5 7. c5 Bc7 8. b4 Ngf6 9. Be2 O-O 10. Ng5 Qe7 11. b5 Ne4 12. Ngxe4 fxe4 13. bxc6 bxc6 14. Rb1 e5 15. Qa4 Rf6 16. Qb3 Qf7 17. O-O Nf8 18. Qd1 Rg6 19. Kh1 Rf6 20. Kg1 Ne6 21. Qa4 Bd7 22. Bd2 Rf8 23. f3 exf3 24. Rxf3 Rxf3 25. Bxf3 e4 26. Be2 Qf2+ 27. Kh1 Qg3 28. Kg1 Qh2# 0-1

[Event "Gaprindashvili Cup Women I Stage 2020"]
[Site "Online"]
[Date "2020.11.04"]
[Round "2.7"]
[White "Limar, Maria"]
[Black "Sichinava, Mariam"]
[Result "0-1"]
[ECO "B42"]
[WhiteElo "1229"]
[BlackElo "1516"]
[Annotator "NA RC"]
[PlyCount "98"]
[EventDate "2020.11.04"]
[EventType "swiss"]
[SourceTitle "playchess.com"]
[Source "ChessBase"]
[SourceQuality "1"]
[TimeControl "1500+5"]

1. e4 c5 2. Nf3 e6 3. d4 cxd4 4. Nxd4 a6 5. c4 Nf6 6. Bd3 Qc7 7. O-O Nc6 8. Be3 Bd6 9. h3 O-O 10. Nc3 Bf4 11. Bxf4 Qxf4 12. Bc2 Nb4 13. Bb1 Qe5 14. a3 Nc6 15. Nf3 Qc7 16. Qd3 b6 17. Re1 d6 18. Bc2 Bb7 19. Rad1 Rfd8 20. Rd2 Rac8 21. b3 Rd7 22. Red1 h6 23. Qe3 Ba8 24. Nh2 e5 25. Qg3 Nd4 26. Ng4 Nxg4 27. Qxg4 Rdd8 28. Ne2 Nxc2 29. Rxc2 Qc6 30. Nc3 Qc5 31. Ra2 b5 32. Nd5 Bxd5 33. Rxd5 Qb6 34. cxb5 axb5 35. Rad2 Ra8 36. Ra2 Qc6 37. Qe2 Rdb8 38. Qd2 b4 39. a4 Rb6 40. Rc2 Qd7 41. Rc4 Rab8 42. Rxe5 Qb7 43. Rd5 Rc6 44. Rxd6 Rxc4 45. bxc4 b3 46. Qb2 Qxe4 47. c5 Qc2 48. Qe5 b2 49. Rb6 Rxb6 0-1

[Event "Gaprindashvili Cup Women I Stage 2020"]
[Site "Online"]
[Date "2020.11.04"]
[Round "2.8"]
[White "Tsetskhladze, Mariam"]
[Black "Didbaridze, Meri"]
[Result "1/2-1/2"]
[ECO "C11"]
[WhiteElo "1477"]
[BlackElo "1264"]
[Annotator "NA RC"]
[PlyCount "106"]
[EventDate "2020.11.04"]
[EventType "swiss"]
[SourceTitle "playchess.com"]
[Source "ChessBase"]
[SourceQuality "1"]
[TimeControl "1500+5"]

1. e4 e6 2. Nf3 d5 3. Nc3 Nf6 4. e5 Nfd7 5. d4 Bb4 6. Be2 b6 7. O-O Ba6 8. Bxa6 Nxa6 9. Be3 Bxc3 10. bxc3 c5 11. Ng5 h6 12. Nh3 Rc8 13. Qg4 g6 14. Rac1 cxd4 15. cxd4 Nb4 16. Qe2 Nxa2 17. Ra1 Nc3 18. Qd2 Ne4 19. Qc1 Nc3 20. Qd2 Ne4 21. Qc1 Rc7 22. Bxh6 Qh4 23. Bf4 g5 24. Bxg5 Nxg5 25. Qxg5 Qxd4 26. Rfe1 Qh4 27. Qg7 Qh7 28. Qg5 Rg8 29. Qe3 Qg7 30. g3 Nc5 31. Nf4 Ne4 32. Nd3 Rh8 33. Qd4 Qh6 34. h4 Rc4 35. Qb2 Rc7 36. Qb5+ Kd8 37. Nb4 Ke7 38. Nc6+ Kf8 39. Rxa7 Rxa7 40. Nxa7 Ng5 41. Kg2 Ne4 42. Qxb6 Rg8 43. Rh1 Qd2 44. Rh3 Qxc2 45. h5 Kg7 46. h6+ Kh7 47. Nb5 Rb8 48. Qxb8 Qxf2+ 49. Kh1 Qf1+ 50. Kh2 Qf2+ 51. Kh1 Qf1+ 52. Kh2 Qf2+ 53. Kh1 Nxg3+ 1/2-1/2